 Dungeon Crawl Stone Soup version 0.31-a0-1147-g46bab52692 (webtiles) character file.

Game seed: 17254645737978020574

32 Malachi the Slasher (level 3, -1/28 HPs)
             Began as a Demonspawn Gladiator on Dec 7, 2023.
             Succumbed to a goblin's poison
             ... on level 2 of the Dungeon.
             The game lasted 00:01:37 (1109 turns).

Malachi the Slasher (Demonspawn Gladiator)          Turns: 1109, Time: 00:01:37

Health: -1/28      AC:  4    Str: 14    XL:     3   Next: 8%
Magic:  3/3        EV: 13    Int:  8    God:
Gold:   38         SH:  0    Dex: 22    Spells: 2/2 levels left

rFire   . . .        a - +0 long sword
rCold   . . .        (no shield)
rNeg    . . .        b - +0 leather armour
rPois   .            (helmet restricted)
rElec   .            (no cloak)
rCorr   .            j - +0 pair of gloves
SInv    .            (no boots)
Will    .....        (no amulet)
Stlth   ++           i - +6 ring of dexterity
HPRegen 0.24/turn    (no ring)
MPRegen 0.08/turn

%: no passive effects
@: lethally poisoned (-1 -> -3)
A: horns 1
a: no special abilities


You were on level 2 of the Dungeon.
You visited 1 branch of the dungeon, and saw 2 of its levels.

You collected 38 gold pieces.

Inventory:

Hand Weapons
 a - a +0 long sword (weapon)
Missiles
 d - 3 throwing nets (quivered)
 e - a javelin
Armour
 b - a +0 leather armour (worn)
 j - a +0 pair of gloves (worn)
Magical Staves
 g - a staff of cold
Jewellery
 i - a +6 ring of dexterity (left hand)
Talismans
 c - a talisman of death
 k - a serpent talisman
Scrolls
 f - 2 scrolls of poison {unknown}
 h - 2 scrolls of identify {unknown}
 l - a scroll of vulnerability {unknown}
 m - a scroll of enchant armour {unknown}


   Skills:
 + Level 2.8 Fighting
 + Level 3.2 Long Blades
 - Level 1.8 Throwing
 - Level 2.7 Dodging


You had 2 spell levels left.
You didn't know any spells.
Your spell library contained the following spells:

 Spells                   Type           Power      Damage    Failure   Level
 Cigotuvi's Dreadful Rot  Necr/Pois/Air  0%         N/A       63%         2
 Dispel Undead            Necr           0%         3d6       99%         4
 Death Channel            Necr           0%         N/A       100%        6


Dungeon Overview and Level Annotations

Branches:
Dungeon (2/15)

Altars:

Annotations:
D:2 Robin


Innate Abilities, Weirdness & Mutations

You have a pair of small horns on your head.


Message History

You are too injured to fight recklessly!
You are too injured to fight recklessly!
You are too injured to fight recklessly!
You are too injured to fight recklessly!
You slash the goblin!
You kill the goblin!
Robin closely misses you.
The frilled lizard bites you but does no damage.
You see here a +0 club.
Robin throws the goblin at you!
The goblin hits you with a +1 dagger of venom.
You are poisoned.
Things that are here:
a +0 club; a goblin corpse You closely miss the goblin.
You headbutt the goblin.
The goblin is severely wounded.
You feel sick.
The goblin no longer looks unusually strong.
The goblin barely misses you. The frilled lizard misses you.
The goblin hits you with a +1 dagger of venom.
* * * LOW HITPOINT WARNING * * *
You barely miss the goblin.
The goblin is severely wounded.
You feel sick.
The frilled lizard bites you but does no damage.
Robin closely misses you. The goblin hits you but does no damage.
The frilled lizard misses you.
You barely miss the goblin.
The goblin is severely wounded.
You feel sick. Robin closely misses you.
The goblin hits you with a +1 dagger of venom.
* * * LOW HITPOINT WARNING * * *
The frilled lizard bites you.
* * * LOW HITPOINT WARNING * * *
You aren't carrying any potions.
You aren't carrying any potions.
Unknown command.
You slash the goblin!
You kill the goblin!
You die...

#########
#..)gl@<#
#.####### #.#
#.# #.# #.#
#.# .# #g#
..gl#######.#


You could see Robin and a frilled lizard.

Vanquished Creatures
  2 ball pythons (D:1)
  2 bats (D:1)
  2 endoplasms (D:1)
  13 goblins
  A hobgoblin (D:1)
  8 frilled lizards (D:1)
  5 rats (D:1)
33 creatures vanquished.

Notes
Turn   | Place    | Note
-------+----------+-------------------------------------------
     0 | D:1      | Malachi the Demonspawn Gladiator began the quest for the
                  | Orb.
     0 | D:1      | Reached XP level 1. HP: 16/16 MP: 1/1
   242 | D:1      | Gained mutation: You have a pair of small horns on your
                  | head. [demonic ancestry]
   242 | D:1      | Reached XP level 2. HP: 17/22 MP: 2/2
   288 | D:1      | Reached skill level 3 in Long Blades
   376 | D:1      | Noticed an eye of devastation
   378 | D:1      | Found a faded altar of an unknown god.
   380 | D:1      | Noticed a golden eye
   390 | D:1      | Noticed an eye of devastation
   390 | D:1      | Noticed a glass eye
   808 | D:2      | Noticed Robin
  1097 | D:2      | Reached XP level 3. HP: 24/28 MP: 3/3
  1108 | D:2      | HP: 1/28 [frilled lizard (3)]
  1109 | D:2      | Succumbed to a goblin's poison

Illustrated notes

Levels and vault maps discovered:
D:1:      minmay_arrival_wavy_path, layout_basic,
          hellmonk_ecumenical_altar_watching_god, minmay_misc_feat_alley,
          minmay_lizard_pond
D:2:      layout_basic, minmay_misc_feat_diagonals, uniq_robin

Skill      XL: |  1  2 |
---------------+-------+-----
Long Blades    | 3 |  3.2
Fighting       | |  2.8
Throwing       | |  1.8
Dodging        | |  2.7

Action                     || total
---------------------------++-------
  Melee: Long sword        ||    75
         Headbutt          ||    11
 Armour: Leather armour    ||    73
  Dodge: Dodged            ||    72

Table legend: (Time is in decaauts)
 A = Elapsed time spent in this place.
 B = Non-inter-level travel time spent in this place.
 C = Inter-level travel time spent in this place.
 D = Time resting spent in this place.
 E = Time spent auto-exploring this place.
 F = Levels seen in this place.
 G = Mean time per level.
                   A        B        C        D        E       F      G
               +--------+--------+--------+--------+--------+-----+--------+
         Total |   1128 |   1085 |     43 |    246 |    578 |   2 |  564.0 |
       Dungeon |   1128 |   1085 |     43 |    246 |    578 |   2 |  564.0 |
               +--------+--------+--------+--------+--------+-----+--------+

Top non-repeatable levels by time:
     D:1: 1049 daAuts
     D:2: 78 daAuts
